 Dungeon Crawl Stone Soup version 0.31-a0-867-g9b2fd80f0c (webtiles) character file.

Game seed: 8912177582652739632

8688 BinkBink the Cleaver (level 11, -3/102 HPs)
             Began as a Minotaur Fighter on Oct 11, 2023.
             Was an Initiate of Qazlal.
             Slain by a large abomination (34 damage)
             ... on level 1 of the Abyss.
             The game lasted 00:14:24 (8843 turns).

BinkBink the Cleaver (Minotaur Fighter)             Turns: 8843, Time: 00:14:24

Health: -3/102     AC:  4    Str: 34    XL:     11   Next: 13%
Magic:  10/10      EV: 11    Int:  2    God:    Qazlal [......]
Gold:   525        SH:  6    Dex: 10    Spells: 10/10 levels left

rFire   . . .        x - +0 broad axe
rCold   + . .        c - +0 buckler
rNeg    + . .        j - +1 robe of Idduphe {*Corrode Slay+5}
rPois   .            (helmet restricted)
rElec   .            v - +0 cloak of Sosy {rC+ rN+ Str+5 Int-5}
rCorr   .            (no gloves)
SInv    .            (no boots)
Will    .....        (no amulet)
Stlth   +            f - +6 ring of strength
HPRegen 0.37/turn    (no ring)
MPRegen 0.12/turn

%: corrode self (3%)
@: no status effects
A: horns 2, retaliatory headbutt
a: Renounce Religion


You were on level 1 of the Abyss.
You worshipped Qazlal.
Qazlal was noncommittal.
You visited 2 branches of the dungeon, and saw 10 of its levels.
You visited the Abyss 1 time.
You also visited: Bailey.

You collected 525 gold pieces.

Inventory:

Hand Weapons
 a - a +0 war axe
 x - a +0 broad axe (weapon)
Armour
 b - a +0 scale mail
 c - a +0 buckler (worn)
 j - the +1 robe of Idduphe (worn) {*Corrode Slay+5}
   (You found it on level 2 of the Dungeon)

   Slay+5:    It affects your accuracy & damage with ranged weapons and melee
   (+5).
   *Corrode:  It may corrode you when you take damage.
 v - the +0 cloak of Sosy (worn) {rC+ rN+ Str+5 Int-5}
   (You found it on level 4 of the Dungeon)

   Str+5:     It affects your strength (+5).
   Int-5:     It affects your intelligence (-5).
   rC+:       It protects you from cold.
   rN+:       It protects you from negative energy.
 y - +2 steam dragon scales
 C - a +0 plate armour
Jewellery
 f - a +6 ring of strength (left hand)
 K - a +4 ring of protection
Wands
 i - a wand of polymorph (6)
 n - a wand of charming (8)
 I - a wand of light (10)
Scrolls
 l - a scroll of fear {unknown}
 m - 2 scrolls of immolation
 p - 2 scrolls of butterflies
 q - 3 scrolls of fog
 s - a scroll of blinking {unknown}
 t - 3 scrolls of teleportation
 u - 2 scrolls of silence
 A - a scroll of poison {unknown}
 F - a scroll of acquirement {unknown}
 G - a scroll of amnesia
 J - a scroll of vulnerability {unknown}
 L - a scroll of enchant armour {unknown}
Potions
 d - 2 potions of might
 e - a potion of attraction {unknown}
 g - 7 potions of cancellation
 h - 4 potions of haste {unknown}
 k - a potion of invisibility
 o - 2 potions of lignification {unknown}
 r - 2 potions of resistance
 w - 2 potions of experience {unknown}
 z - 2 potions of curing
 B - 2 potions of heal wounds
 D - 3 potions of mutation
 E - 3 potions of brilliance {unknown}
 H - 3 potions of magic {unknown}


   Skills:
 + Level 11.0 Fighting
 * Level 14.6 Axes
 - Level 3.6 Armour
 + Level 11.0 Shields


You had 10 spell levels left.
You didn't know any spells.
Your spell library contained the following spells:

 Spells                   Type           Power      Damage    Failure   Level
 Shock                    Conj/Air       0%         1d3       56%         1
 Hailstorm                Conj/Ice       0%         3d3       91%         3
 Ozocubu's Armour         Ice            0%         N/A       91%         3
 Stone Arrow              Conj/Erth      0%         3d7       91%         3
 Swiftness                Air            0%         N/A       91%         3
 Airstrike                Air            0%         2d(0-16)  100%        4
 Animate Armour           Summ/Erth      0%         N/A       100%        4
 Summon Ice Beast         Ice/Summ       0%         N/A       100%        4
 Metabolic Englaciation   Hex/Ice        0%         N/A       100%        5
 Simulacrum               Ice/Necr       0%         N/A       100%        6
 Lehudib's Crystal Spear  Conj/Erth      0%         10d2      100%        8


Dungeon Overview and Level Annotations

Branches:
Dungeon (9/15)             Temple (1/1) D:5            Lair (0/5) D:9
 Bailey (visited)
    Orc: D:9-12

Altars:
Ashenzari
Cheibriados
Dithmenos
Elyvilon
Fedhas
Gozag
Hepliaklqana
Kikubaaqudgha
Makhleb
Nemelex Xobeh
Okawaru
Qazlal
Ru
Sif Muna
Trog
Uskayaw
Vehumet
Wu Jian
Xom
Yredelemnul
Zin
The Shining One

Shops:
D:6 [

Annotations:
D:2 1 runed translucent door, Crazy Yiuf
D:4 2 transporters, Zlot's ghost, amateur GrGl
D:9 2 runed translucent doors


Innate Abilities, Weirdness & Mutations

You have a pair of horns on your head.
You reflexively headbutt those who attack you in melee.


Message History

The large abomination is moderately damaged.
You barely miss the large abomination. You headbutt the large abomination!
The large abomination is heavily damaged.
The large abomination hits you.
You hit the large abomination. You headbutt the large abomination!
The large abomination is severely damaged.
The large abomination hits you!
You are too injured to fight recklessly!
You slash the large abomination!
You destroy the large abomination!
Qazlal accepts your kill.
You start resting.
A large abomination comes into view.
A large abomination is nearby!
You hit the large abomination.
The large abomination is lightly damaged.
The large abomination hits you!
You hit the large abomination but do no damage.
You headbutt the large abomination, but do no damage.
The large abomination is lightly damaged.
You block the large abomination's attack.
You barely miss the large abomination.
The large abomination is lightly damaged.
You block the large abomination's attack.
A ynoxinul comes into view.
The ynoxinul bellows!
You slash the large abomination!
The large abomination is moderately damaged.
The large abomination misses you.
The ynoxinul gestures.
The large abomination hits you!
You completely miss the large abomination.
Your headbutt misses the large abomination.
The large abomination is moderately damaged.
The large abomination closely misses you.
You furiously retaliate!
You headbutt the large abomination! You slash the large abomination!
You headbutt the large abomination!
The large abomination is almost destroyed.
The large abomination hits you!!
You die...

#. . . .
#... .
..##. .##
. ## .
..... # #.
. ...
....###...
.....
...5... ..
. .. .3..
.. ..
.###.#
...#. ..##
#@X## . .
# # ###.#
. #.. #...
#.. . .. #
.


You could see a large abomination, a ynoxinul and an ufetubus (summoned).

Vanquished Creatures
  A two-headed ogre (D:8)
  An orc knight (Bailey)
  Maggie (D:6)
  Jeremiah (D:8)
  4 gargoyles (D:8)
  A troll (D:9)
  Grinder (D:6)
  A large abomination (Abyss:1)
  A wraith (D:9)
  3 yaks (D:8)
  4 vampire mosquitoes (D:9)
  A water moccasin (D:7)
  Duvessa (D:7)
  3 orc warriors
  3 sky beasts
  4 ice beasts
  A black bear (D:5)
  4 ogres
  4 centaurs
  2 wolves (D:9)
  2 phantoms (D:5)
  4 bullfrogs
  2 scorpions
  A gnoll sergeant (D:7)
  4 wights (D:8)
  Dowan (D:7)
  2 howler monkeys (D:9)
  7 hounds
  6 orc priests
  A gnoll bouda (D:5)
  3 jellies
  2 sleepcaps (D:6)
  Jessica (D:2)
  6 iguanas
  5 orc wizards
  7 adders
  27 gnolls
  2 ufetubi
  2 worms
  2 dart slugs
  30 orcs
  6 ball pythons
  3 endoplasms
  4 giant cockroaches
  15 goblins
  13 hobgoblins
  4 jackals (D:4)
  12 kobolds
  7 bats
  3 frilled lizards
  12 rats
238 creatures vanquished.

Notes
Turn   | Place    | Note
-------+----------+-------------------------------------------
     0 | D:1      | BinkBink the Minotaur Fighter began the quest for the Orb.
     0 | D:1      | Reached XP level 1. HP: 19/19 MP: 0/0
   196 | D:1      | Reached XP level 2. HP: 26/27 MP: 1/1
   256 | D:1      | Reached skill level 3 in Axes
   415 | D:1      | Reached XP level 3. HP: 33/33 MP: 2/2
   924 | D:2      | Noticed Jessica
   927 | D:2      | Killed Jessica
   928 | D:2      | Reached skill level 4 in Axes
   928 | D:2      | Reached XP level 4. HP: 41/41 MP: 3/3
   971 | D:2      | Identified the +1 robe of Idduphe {*Corrode Slay+5}
  1097 | D:2      | Found a runed translucent door.
  1098 | D:2      | Noticed Crazy Yiuf
  1524 | D:3      | Reached XP level 5. HP: 39/47 MP: 4/4
  1558 | D:3      | Noticed an ice beast
  1569 | D:3      | Killed an ice beast
  1570 | D:3      | Reached skill level 5 in Fighting
  1570 | D:3      | Reached skill level 5 in Axes
  1570 | D:3      | Reached skill level 5 in Shields
  1625 | D:3      | Found a sacrificial altar of Ru.
  1626 | D:3      | Found a bloodstained altar of Trog.
  1638 | D:3      | Found an ancient bone altar of Kikubaaqudgha.
  1667 | D:3      | Found a shimmering blue altar of Sif Muna.
  1936 | D:4      | Reached XP level 6. HP: 52/56 MP: 5/5
  1956 | D:4      | Found a radiant altar of Vehumet.
  1979 | D:4      | Reached skill level 6 in Axes
  2019 | D:4      | Found a transporter.
  2023 | D:4      | Noticed Zlot's ghost (amateur GrGl)
  2040 | D:4      | Found a transporter.
  2263 | D:4      | Identified the +0 cloak of Sosy {rC+ rN+ Str+5 Int-5}
  2470 | D:4      | Reached XP level 7. HP: 46/62 MP: 6/6
  2827 | D:5      | Entered Level 5 of the Dungeon
  2832 | D:5      | Reached skill level 7 in Axes
  3212 | D:5      | Reached skill level 8 in Axes
  3438 | D:5      | Reached XP level 8. HP: 71/71 MP: 7/7
  3656 | D:5      | Found a staircase to the Ecumenical Temple.
  3727 | Temple   | Entered the Ecumenical Temple
  3844 | D:5      | Reached skill level 9 in Axes
  4410 | D:6      | Noticed Maggie
  4417 | D:6      | Killed Maggie
  4418 | D:6      | Reached skill level 10 in Axes
  4505 | D:6      | Found a broken altar of Ashenzari.
  4633 | D:6      | Reached XP level 9. HP: 80/81 MP: 8/8
  4758 | D:6      | Noticed Grinder
  4761 | D:6      | Killed Grinder
  4801 | D:6      | Found Qunwar's Armour Shoppe.
  4943 | D:6      | Reached skill level 11 in Axes
  5342 | D:7      | Noticed Dowan
  5343 | D:7      | Noticed Duvessa
  5359 | D:7      | Killed Duvessa
  5361 | D:7      | Killed Dowan
  5763 | D:7      | Found an iron altar of Okawaru.
  5861 | D:7      | Reached skill level 12 in Axes
  6356 | D:8      | Reached XP level 10. HP: 55/91 MP: 9/9
  6357 | D:8      | Noticed Jeremiah
  6369 | D:8      | Noticed a two-headed ogre
  6410 | D:8      | Found a flagged portal.
  6517 | Bailey   | Entered a bailey
  6807 | Bailey   | Noticed an orc knight
  6830 | Bailey   | Killed an orc knight
  6831 | Bailey   | Reached skill level 13 in Axes
  7408 | D:8      | Killed a two-headed ogre
  7409 | D:8      | Reached skill level 10 in Fighting
  7409 | D:8      | Reached skill level 10 in Shields
  7571 | D:8      | Noticed a gargoyle
  7575 | D:8      | Killed a gargoyle
  7594 | D:8      | Noticed a gargoyle
  7601 | D:8      | Killed a gargoyle
  7707 | D:8      | Noticed a gargoyle
  7710 | D:8      | Killed a gargoyle
  7770 | D:8      | Noticed a gargoyle
  7773 | D:8      | Killed a gargoyle
  7774 | D:8      | Reached skill level 14 in Axes
  7840 | D:8      | Killed Jeremiah
  7942 | D:8      | Found a stormy altar of Qazlal.
  8135 | D:8      | Became a worshipper of Qazlal Stormbringer
  8196 | D:9      | Found a staircase to the Lair.
  8205 | D:9      | HP: 3/94 [ice beast (5)]
  8488 | D:9      | Found a large runed translucent door.
  8489 | D:9      | Found a large runed translucent door.
  8524 | D:9      | Reached XP level 11. HP: 93/101 MP: 10/10
  8764 | Abyss:1  | Cast into level 1 of the Abyss (gnoll sergeant)
  8832 | Abyss:1  | Noticed a large abomination
  8843 | Abyss:1  | Slain by a large abomination

Illustrated notes

Levels and vault maps discovered:
D:1:      sevenhm_arrival_forest_fort_small_4, layout_basic
D:2:      layout_loops_ring, uniq_jessica, uniq_crazy_yiuf_cottage
D:3:      layout_rooms, nicolae_overflow_macrodata_refinement
D:4:      cheibrodos_greedy_goblins, layout_basic, mainiacjoe_overflow_paths,
          gammafunk_ghost_stat_death, chequers_arboretum
D:5:      layout_loops_corners, minmay_temple_entry_grid
D:6:      layout_gridville, mainiacjoe_overflow_catwalk, serial_shops, shop,
          uniq_grinder, uniq_maggie
D:7:      layout_rooms, okawaru_trees_1, grunt_ministairs_11, uniq_duvessa
D:8:      cheibrodos_statue_roulette, layout_cave_pools,
          nicolae_qazlal_eye_of_the_storm, enter_bailey_8, uniq_jeremiah
D:9:      kennysheep_big_flooded_room, layout_layer_cave,
          hellmonk_lair_entry_icy, ebering_ghost_disaster_area,
          hangedman_misty_isle
Temple:   eino_narrow_crystal_temple
Abyss:1:  base:
D:8

Skill      XL: |  1  2  3  4  5  6  7  8  9 10 11 |
---------------+----------------------------------+-----
Axes           | 3 4 5 6 8 10 12 14 | 14.6
Shields        | 4 5 6 7 9 10 11 | 11.0
Fighting       | 4 5 6 8 9 10 11 | 11.0
Armour         | |  3.6

Action                     |  1- 3 |  4- 6 |  7- 9 | 10-12 || total
---------------------------+-------+-------+-------+-------++-------
  Melee: War axe           |    74 |   100 |    89 |       ||   263
         Headbutt          |    12 |    15 |    36 |    25 ||    88
         Broad axe         |       |       |    93 |   140 ||   233
    Use: Potion            |       |       |     3 |     3 ||     6
         Scroll            |       |       |       |    11 ||    11
   Stab: Sleeping          |       |       |     2 |       ||     2
 Armour: Scale mail        |    50 |     9 |       |       ||    59
         Robe              |       |    44 |   129 |    97 ||   270
  Dodge: Dodged            |    41 |    55 |    77 |    59 ||   232
  Block: Buckler           |    20 |    22 |    55 |    41 ||   138

Table legend: (Time is in decaauts)
 A = Elapsed time spent in this place.
 B = Non-inter-level travel time spent in this place.
 C = Inter-level travel time spent in this place.
 D = Time resting spent in this place.
 E = Time spent auto-exploring this place.
 F = Levels seen in this place.
 G = Mean time per level.
                   A        B        C        D        E       F      G
               +--------+--------+--------+--------+--------+-----+--------+
         Total |   8908 |   8478 |    430 |    829 |   6263 |  12 |  742.3 |
       Dungeon |   8170 |   7800 |    370 |    777 |   5806 |   9 |  907.8 |
        Temple |     61 |      1 |     60 |      0 |      0 |   1 |   61.0 |
         Abyss |     77 |     77 |      0 |     52 |      0 |   1 |   77.0 |
        Bailey |    598 |    598 |      0 |      0 |    457 |   1 |  598.0 |
               +--------+--------+--------+--------+--------+-----+--------+

Top non-repeatable levels by time:
     D:8: 1380 daAuts
     D:5: 1319 daAuts
     D:7: 1232 daAuts
     D:6: 1007 daAuts
     D:2: 965 daAuts
     D:4: 767 daAuts
     D:3: 614 daAuts
  Bailey: 598 daAuts
     D:1: 539 daAuts
     D:9: 344 daAuts
 Abyss:1: 77 daAuts
  Temple: 61 daAuts
